 Dungeon Crawl Stone Soup version 0.27.1-2-g3b301248ec (webtiles) character file.

Game seed: 10736180021741197321

44 Borgoz the Skirmisher (level 3, 0/31 HPs)
             Began as a Ghoul Monk on Sept 28, 2021.
             Slain by a gnoll (6 damage)
             ... on level 2 of the Dungeon.
             The game lasted 00:02:08 (2555 turns).

Borgoz the Skirmisher (Ghoul Monk)                  Turns: 2555, Time: 00:02:09

Health: 0/31       AC:  5    Str: 15    XL:     3   Next: 62%
Magic:  2/2        EV: 11    Int:  5    God:
Gold:   53         SH:  0    Dex: 11    Spells: 2/2 levels left

rFire    . . .     SeeInvis .     - Unarmed
rCold    + . .     Faith    .   (no shield)
rNeg     + + +     Spirit   .   b - +0 ring mail
rPois    ∞         Reflect  .   (no helmet)
rElec    .         Harm     .   (no cloak)
rCorr    .         Rampage  .   (no gloves)
Will     .....                  (no boots)
Stlth    +.........             (no amulet)
HPRegen  0.00/turn              (no ring)
MPRegen  0.08/turn              (no ring)

@: inhibited regen
A: claws 1, cold resistance 1, negative energy resistance 3, inhibited
regeneration, torment resistance 2
a: no special abilities


You were on level 2 of the Dungeon.
You visited 1 branch of the dungeon, and saw 3 of its levels.

You collected 53 gold pieces.

Inventory:

Armour
 b - a +0 ring mail (worn)
Wands
 h - a wand of iceblast (10)
Scrolls
 a - a scroll of fear {unknown}
 c - a scroll of noise {unknown}
 e - a scroll of blinking {unknown}
 g - a scroll of identify {unknown}
Potions
 d - a potion of might {unknown}
 f - a potion of invisibility {unknown}


   Skills:
 + Level 3.6 Fighting
 * Level 1.3 Armour
 * Level 3.2 Dodging
 - Level 2.2 Stealth
 + Level 3.6 Unarmed Combat


You had 2 spell levels left.
You didn't know any spells.
Your spell library contained the following spells:

 Spells                   Type           Power      Damage    Failure   Level
 Gell's Gravitas          Tloc           0%         N/A       97%         3
 Ignite Poison            Fire/Tmut/Pois 0%         N/A       97%         3
 Lesser Beckoning         Tloc           0%         N/A       97%         3
 Mephitic Cloud           Conj/Pois/Air  0%         N/A       97%         3
 Teleport Other           Tloc           0%         N/A       97%         3
 Cause Fear               Hex            0%         N/A       100%        4
 Bolt of Magma            Conj/Fire/Erth 0%         4d4       100%        5
 Dragon's Call            Summ           0%         N/A       100%        9
 Dragon Form              Tmut           Unusable   N/A       N/A         7

Dungeon Overview and Level Annotations

Branches:
Dungeon (3/15)

Altars:
Ashenzari

Shops:
D:2 (


Innate Abilities, Weirdness & Mutations

You thrive by killing the living.
You are immune to poison.
You have sharp fingernails.
Your flesh is cold resistant. (rC+)
You are immune to negative energy. (rN+++)
You do not regenerate when monsters are visible.
You are immune to unholy pain and torment.


Message History

You scratch the gnoll but do no damage. The gnoll hits you with a +0 spear.
The gnoll hits you from afar with a +0 spear.
The gnoll shouts!
The gnoll hits you from afar with a +0 spear!
The gnoll barely misses you.
The gnoll hits you from afar with a +0 spear.
There is a stone staircase leading up here.
You climb upwards.
There is a stone staircase leading down here.
You start resting.
HP restored.
You climb downwards.
The endoplasm barely misses you.
There is a stone staircase leading up here.
The endoplasm misses you.
You climb upwards.
There is a stone staircase leading down here.
You scratch the endoplasm.
The endoplasm is severely wounded.
The endoplasm hits you.
You claw the endoplasm!
You kill the endoplasm!
No target in view!
You start resting.
HP restored.
You climb downwards.
There is a stone staircase leading up here.
The gnoll misses you.
The gnoll hits you from afar with a +0 halberd.
The gnoll hits you with a +0 spear!
There is a stone staircase leading up here.
The gnoll hits you from afar with a +0 halberd.
The gnoll hits you with a +0 spear.
You climb upwards.
There is a stone staircase leading down here.
You are too injured to fight recklessly!
You barely miss the gnoll. The gnoll hits you with a +0 spear!
* * * LOW HITPOINT WARNING * * *
You completely miss the gnoll. The gnoll barely misses you.
You barely miss the gnoll. The gnoll hits you with a +0 spear.
You die...

#...........#.# #.#
#...........#.# #.#
#..♣...<....<.# #.#
##............# #.#
#.#..........# #.#
#.#........#.# #.#
#.#........#.# #.#
#.#.......)#g# #.#
#.########.#@# #.# #.#
#.### #.# #####.### #.# #.#
#.......# #.#########.##
#.###.#+######....[.......#
....#.......###############
#.#.#.......#
#.#.#.......#####
..#.#...........######


You could see a gnoll.

Vanquished Creatures
  An adder (D:2)
  A gnoll (D:2)
  A worm (D:2)
  A ball python (D:1)
  3 endoplasms (D:2)
  A goblin (D:1)
  4 hobgoblins
  4 bats
  2 kobolds
  4 rats
22 creatures vanquished.

Notes
Turn   | Place    | Note
-------+----------+-------------------------------------------
     0 | D:1      | Borgoz the Ghoul Monk began the quest for the Orb.
     0 | D:1      | Reached XP level 1. HP: 19/19 MP: 0/0
   470 | D:1      | Reached XP level 2. HP: 26/26 MP: 1/1
  1000 | D:2      | Found Vamais's Weapon Shoppe.
  1100 | D:2      | Reached skill level 1 in Armour
  1100 | D:2      | Reached XP level 3. HP: 17/31 MP: 2/2
  1643 | D:2      | Found a broken altar of Ashenzari.
  2555 | D:2      | Slain by a gnoll

Illustrated notes

Levels and vault maps discovered:
D:1:      dpeg_arrival_erosion, layout_basic
D:2:      layout_basic, serial_shops, nicolae_shop_crystal, basic_altar,
          minmay_misc_feat_encased, chequers_mini_garden
D:3:      minmay_skewed_foursquare, layout_loops_ring,
          eat_drink_and_be_merry_uskayaw, ebering_dispersal_statue_hall,
          uniq_sigmund

Skill      XL: |  1  2 |
---------------+-------+-----
Dodging        | 3 |  3.2
Armour         | 1 |  1.3
Fighting       | |  3.6
Stealth        | |  2.2
Unarmed Combat | |  3.6

Action                   || total
-------------------------++-------
Melee: Unarmed           ||    72
       Punch             ||     1
 Stab: Sleeping          ||     3
Armor: Robe              ||     2
       Ring mail         ||    13
Dodge: Dodged            ||    42
